Unix NetHack Version 3.7.0-97 Work-in-progress - last build Feb 8 2024 15:05:57 (6d6cdf8371b60126770a3d7b88910941cb14a054,branch:master). Game began 2024-02-29 12:50:49, ended 2024-02-29 12:58:49. elenmirie, neutral female gnomish Archeologist --- ---------- --.---- |...|.--.-- --- |.....-- |..........| ----.--.|.-- -----..--- ---........| --.|......@<--- -....---.-- -----.......-| |........ ....| |......|....| |....| #..##-.%..........-- |.............-- |-..........| ---....---------..................| --.............- ---..........-----------.......|..--.|...................-- ..........--... |....................................*...##..--....-.--...---.|.......|--. |..%....------------------...................| .%.. .......| --- ....| |-.--..-- --.............---... ......-- ...| |..|---- |............-- |.-- ....^... ---- -.--... - .. Elenmirie the Field Worker St:14 Dx:7 Co:14 In:11 Wi:15 Ch:12 Neutral Dlvl:4 $:18 HP:0(31) Pw:11(11) AC:8 Xp:4/95 T:873 Blind Deaf Latest messages: You finish eating the lichen corpse. What do you want to eat? [dru or ?*] u This lichen corpse tastes okay. You finish eating the lichen corpse. You materialize in a different location! You kill the giant rat! Welcome to experience level 4. You lash the giant rat. You lash the giant rat. The giant rat bites! You miss the giant rat. The giant rat bites! The kobold zombie hits! You miss the giant rat. You destroy the kobold zombie! The giant rat misses! You miss the giant rat. You kill the giant rat! You see here a giant rat corpse. There is a giant rat corpse here; eat it? [ynq] (n) y This giant rat corpse tastes okay. You finish eating the giant rat corpse. You hear crashing rock. You see here a bag. The bag is empty. H - an empty bag. What do you want to call? [oBCH or ?*] H Call a bag: exp bag 1 You are momentarily blinded by a flash of light! You hear a deafening roar! What do you want to use or apply? [agitwABH or ?*] t There is an elf corpse here; tin it? [ynq] (n) y I - a tin of elf meat. J - an expensive camera. It bites! It bites! It bites! Wait! There's something there you can't see! You kill it! You kill it! You are caught in the explosion! It bites! It misses! It bites! You die... Do you want your possessions identified? [ynq] (y) y Do you want to see your attributes? [ynq] (y) y Do you want an account of creatures vanquished? [ynaq] (y) y Do you want to see your conduct and achievements? [ynq] (y) y Do you want to see the dungeon overview? [ynq] (y) y Inventory: Coins $ - 18 gold pieces Weapons p - 10 uncursed +0 arrows q - an uncursed +0 bow D - 8 uncursed +0 darts v - a cursed +0 dagger a - a blessed +2 bullwhip (weapon in right hand) Armor c - an uncursed +0 fedora (being worn) n - an uncursed +0 pair of speed boots (being worn) b - an uncursed +0 leather jacket (being worn) Comestibles d - 4 uncursed food rations r - 3 uncursed tripe rations I - an uncursed homemade tin of elf meat Rings o - an uncursed ring of free action C - a cursed -1 ring of gain constitution Tools H - an empty uncursed bag of holding w - an uncursed sack containing 5 items J - a cursed expensive camera (0:51) i - an uncursed oil lamp (lit) A - a cursed oil lamp B - an uncursed tin whistle t - an uncursed tinning kit (0:94) Gems/Stones y - 2 uncursed jacinth stones g - an uncursed touchstone Contents of the sack: an uncursed scroll of magic mapping an uncursed scroll of scare monster a cursed potion of acid an uncursed potion of monster detection an uncursed +0 pick-axe Elenmirie the Archeologist's attributes: Background: You were a Field Worker, a level 4 female gnomish Archeologist. You were neutral, on a mission for Camaxtli who was opposed by Quetzalcoatl (lawful) and Huhetotl (chaotic). You were right-handed. You were in the Gnomish Mines, on level 4. You entered the dungeon 873 turns ago. You had 95 experience points, 65 more were needed to attain level 5. Basics: You had 0 out of 31 hit points. You had all 11 energy points (spell power). Your armor class was 8. Your wallet contained 18 zorkmids. Autopickup was on for '$' plus thrown. Final Characteristics: Your strength was 14 (limit:18/50). Your dexterity was 7 (limit:18). Your constitution was 14 (limit:18). Your intelligence was 11 (limit:19). Your wisdom was 15 (limit:18). Your charisma was 12 (limit:18). Final Status: You were temporarily blind. You were deaf. You weren't hungry. You were unencumbered. You were wielding a whip. You had basic skill with whip. Final Attributes: You were devoutly aligned. You had automatic searching. You had infravision. You were very fast. You are dead. Miscellaneous: You never encountered a bones level. Total elapsed playing time was 7 minutes and 59 seconds. Major events: Turn 1: elenmirie the neutral female gnomish Archeologist entered the dungeon 177: attained the rank of Field Worker (level 3) 617: entered the Gnomish Mines 873: killed by an iguana Vanquished creatures: a ghost a dwarf zombie an iguana a gas spore 2 manes 2 giant rats 2 yellow molds a gecko 4 jackals a kobold a goblin a grid bug 3 lichens a kobold zombie 3 newts 25 creatures vanquished. No species were genocided or became extinct. Voluntary challenges: You were an atheist. You were illiterate. You never engraved Elbereth. You never genocided any monsters. You never polymorphed an object. You never changed form. You used no wishes. Achievements: You attained the rank of Field Worker. You entered a shop. You entered the Gnomish Mines. The Dungeons of Doom: levels 1 to 3 Level 1: A sink. Level 2: A fountain. Stairs down to The Gnomish Mines. Level 3: The Gnomish Mines: levels 3 to 4 Level 3: Level 4: <- You were here. Final resting place for you, killed by an iguana. Game over: ---------- / \ / REST \ / IN \ / PEACE \ / \ | elenmirie | | 18 Au | | killed by an | | iguana | | | | | | 2024 | *| * * * | * _________)/\\_//(\/(/\)/\//\/|_)_______ Goodbye elenmirie the Archeologist... You died in The Gnomish Mines on dungeon level 4 with 1043 points, and 18 pieces of gold, after 873 moves. You were level 4 with a maximum of 31 hit points when you died.